[Event "CZE Extraliga 2019-20"]
[Site "Czech Republic"]
[Date "2020.01.26"]
[Round "6.4"]
[White "Ponizil, Cyril"]
[Black "Pechac, Jergus"]
[Result "1/2-1/2"]
[ECO "C65"]
[WhiteElo "2504"]
[BlackElo "2489"]
[Annotator "ChessBase"]
[PlyCount "98"]
[EventDate "2019.09.15"]
[EventType "team-tourn"]
[EventCountry "CZE"]
[SourceTitle "playchess.com"]
[Source "ChessBase"]
[SourceQuality "1"]
[TimeControl "40/5400+30:1800+30"]

1. e4 e5 2. Nf3 Nc6 3. Bb5 Nf6 4. d3 Bc5 5. c3 O-O 6. O-O d6 7. Nbd2 Ne7 8. Re1 c6 9. Ba4 Ng6 10. Nf1 h6 11. h3 a5 12. Ng3 b5 13. Bc2 Bb6 14. a4 b4 15. d4 c5 16. Be3 Qc7 17. Bd3 Rb8 18. Rc1 bxc3 19. Rxc3 exd4 20. Bxd4 Qd8 21. Be3 c4 22. Rxc4 Bxe3 23. Rxe3 Rxb2 24. Rd4 Qc7 25. Bb5 Rc2 26. Re1 Nf4 27. Rd2 Rc3 28. Rxd6 Bxh3 29. gxh3 Rxf3 30. Qxf3 Qxd6 31. e5 Qb4 32. Kf1 N6d5 33. Nf5 Kh7 34. Nd6 f6 35. Bd3+ g6 36. Rb1 Qd4 37. Be4 Qxe5 38. Nc4 Qd4 39. Bxd5 Nxd5 40. Nxa5 Qc5 41. Qe4 Rf7 42. Nb7 Qc6 43. Nd8 Qa6+ 44. Rb5 Rd7 45. Ne6 Nc3 46. Nf8+ Kg7 47. Qe8 Rd6 48. Qe7+ Kg8 49. Qe8 Kg7 1/2-1/2

[Event "CZE Extraliga 2019-20"]
[Site "Czech Republic"]
[Date "2020.01.26"]
[Round "6.4"]
[White "LAB5 Rasik Vitezslav GM"]
[Black "UNI4 Bernasek Jan GM"]
[Result "1/2-1/2"]
[ECO "B10"]
[WhiteElo "2470"]
[BlackElo "2490"]
[Annotator "ChessBase"]
[PlyCount "53"]
[EventDate "2019.09.15"]
[EventType "team-tourn"]
[EventCountry "CZE"]
[SourceTitle "playchess.com"]
[Source "ChessBase"]
[SourceQuality "1"]
[TimeControl "40/5400+30:1800+30"]

1. e4 c6 2. d3 d5 3. Nd2 e5 4. Ngf3 Bd6 5. g3 Nf6 6. Bg2 O-O 7. O-O Re8 8. Re1 Nbd7 9. h3 Bf8 10. b3 dxe4 11. dxe4 a5 12. a4 b5 13. Bb2 Qb6 14. Nh4 Nc5 15. Bc3 Qc7 16. Bf1 Rd8 17. Nhf3 Bd6 18. Qc1 Bb7 19. Nh4 g6 20. Bg2 Bf8 21. Nhf3 Re8 22. Qb2 Nfd7 23. Qa2 b4 24. Bb2 Ba6 25. Rad1 Ne6 26. Qa1 Bg7 27. Nf1 1/2-1/2

[Event "CZE Extraliga 2019-20"]
[Site "Czech Republic"]
[Date "2020.01.26"]
[Round "6.5"]
[White "Cyborowski, Lukasz"]
[Black "Polak, Tomas"]
[Result "1/2-1/2"]
[ECO "E11"]
[WhiteElo "2509"]
[BlackElo "2527"]
[Annotator "RC"]
[PlyCount "77"]
[EventDate "2019.09.15"]
[EventType "team-tourn"]
[EventCountry "CZE"]
[SourceTitle "playchess.com"]
[Source "ChessBase"]
[SourceQuality "1"]
[TimeControl "40/5400+30:1800+30"]

1. d4 Nf6 2. Nf3 e6 3. c4 Bb4+ 4. Nbd2 b6 5. a3 Bxd2+ 6. Qxd2 Bb7 7. e3 d6 8. Be2 Nbd7 9. O-O O-O 10. b4 a5 11. Bb2 axb4 12. axb4 Qe7 13. Rxa8 Rxa8 14. Ra1 Rxa1+ 15. Bxa1 Qf8 16. Qa2 Qa8 17. Qxa8+ Bxa8 18. Nd2 c5 19. Bc3 Ne4 20. Nxe4 Bxe4 21. f3 Bc6 22. Kf2 Kf8 23. e4 e5 24. d5 Bb7 25. b5 Bc8 26. g3 Nf6 27. Kg2 h6 28. Bd2 Ke7 29. Bd3 Nh7 30. f4 Bd7 31. Bc3 f6 32. Be2 Nf8 33. Bh5 g6 34. Be2 Kf7 35. Bd2 Kg7 36. h3 Bc8 37. Bc3 Kf7 38. Bd2 Kg7 39. Bc3 1/2-1/2

[Event "CZE Extraliga 2019-20"]
[Site "Czech Republic"]
[Date "2020.01.26"]
[Round "6.5"]
[White "Jurcik, Marian"]
[Black "Koziol, Kamil"]
[Result "1-0"]
[ECO "B23"]
[WhiteElo "2486"]
[BlackElo "2292"]
[Annotator "ChessBase"]
[PlyCount "181"]
[EventDate "2019.09.15"]
[EventType "team-tourn"]
[EventCountry "CZE"]
[SourceTitle "playchess.com"]
[Source "ChessBase"]
[SourceQuality "1"]
[TimeControl "40/5400+30:1800+30"]

1. e4 c5 2. Nc3 d6 3. Nge2 Nf6 4. g3 Nc6 5. Bg2 g6 6. O-O Bg7 7. d3 O-O 8. Bg5 Bd7 9. Qd2 Re8 10. Bh6 Bh8 11. h3 Rb8 12. f4 b5 13. g4 b4 14. Nd1 Qb6 15. Kh1 Rec8 16. Ne3 a5 17. f5 Ne5 18. Nf4 Bc6 19. g5 Nfd7 20. Rf2 a4 21. Raf1 Re8 22. h4 Qb7 23. b3 axb3 24. axb3 Bg7 25. Bxg7 Kxg7 26. h5 Nf8 27. Nfd5 Kg8 28. Rf4 Nfd7 29. Bh3 Bxd5 30. exd5 e6 31. fxe6 fxe6 32. Qg2 Nf8 33. h6 Rbd8 34. Kh2 Qa7 35. Qf2 Qe7 36. Rf6 exd5 37. Nxd5 Ng4+ 38. Bxg4 Qe5+ 39. Nf4 Qxg5 40. Ne6 Qxh6+ 41. Kg1 Nxe6 42. Bxe6+ Kh8 43. Bd5 Qg5+ 44. Bg2 Kg7 45. Rf7+ Kh6 46. Qf4 Qxf4 47. R1xf4 Re2 48. Rf2 Re1+ 49. Bf1 Rc1 50. Kg2 Ra8 51. d4 Ra2 52. Bd3 Re1 53. Kf3 Rh1 54. Ke4 Rh5 55. Rd7 Ra8 56. Rff7 Rh4+ 57. Kf3 Rxd4 58. Rxh7+ Kg5 59. Rdf7 Re8 60. Rh2 Re6 61. Rg2+ Kh6 62. Re2 Rxe2 63. Kxe2 Kg5 64. Ke3 Rd5 65. Be4 Re5 66. Rd7 Re6 67. Kf3 Rf6+ 68. Kg3 Re6 69. Bd3 Re3+ 70. Kf2 Re6 71. Kf3 Kh4 72. Bc4 Rf6+ 73. Ke4 g5 74. Kd5 g4 75. Rxd6 Rf2 76. Bd3 g3 77. Rh6+ Kg4 78. Rg6+ Kh3 79. Kxc5 Rf4 80. Bc4 Kh2 81. Bd5 Rh4 82. Rg5 Rf4 83. Rh5+ Kg1 84. Rh1+ Kf2 85. Rd1 Rg4 86. Rd4 Rg5 87. Kxb4 Ke3 88. Rd3+ Ke2 89. Bf3+ Kf2 90. c4 Rf5 91. Bd5 1-0

[Event "CZE Extraliga 2019-20"]
[Site "Czech Republic"]
[Date "2020.01.26"]
[Round "6.5"]
[White "PAR8 Petr Martin GM"]
[Black "DUR6 Blahynka Martin IM"]
[Result "1-0"]
[ECO "A05"]
[WhiteElo "2460"]
[BlackElo "2423"]
[Annotator "ChessBase"]
[PlyCount "73"]
[EventDate "2019.09.15"]
[EventType "team-tourn"]
[EventCountry "CZE"]
[SourceTitle "playchess.com"]
[Source "ChessBase"]
[SourceQuality "1"]
[TimeControl "40/5400+30:1800+30"]

1. Nf3 Nf6 2. g3 d5 3. Bg2 g6 4. d4 Bg7 5. O-O O-O 6. Nbd2 c6 7. c3 Nbd7 8. Re1 Re8 9. e4 e5 10. exd5 Nxd5 11. dxe5 Nxe5 12. Nxe5 Rxe5 13. Rxe5 Bxe5 14. Nf3 Bf6 15. Bh6 Bd7 16. Qd2 Qa5 17. Ng5 Rd8 18. Ne4 Bh8 19. Qg5 Re8 20. c4 Re5 21. Qd2 Qxd2 22. Bxd2 Nb6 23. Bc3 Re7 24. Bxh8 Kxh8 25. b3 Kg7 26. Rd1 Bg4 27. f3 Bf5 28. Nc5 Re2 29. g4 Bc8 30. a4 Re5 31. Ne4 a5 32. Rd8 Re7 33. g5 Rd7 34. Re8 f5 35. gxf6+ Kf7 36. Rh8 h5 37. c5 1-0

[Event "CZE Extraliga 2019-20"]
[Site "Czech Republic"]
[Date "2020.01.26"]
[Round "6.5"]
[White "Hollan, Martin"]
[Black "Jansa, Vlastimil"]
[Result "0-1"]
[ECO "A50"]
[WhiteElo "2403"]
[BlackElo "2452"]
[Annotator "ChessBase"]
[PlyCount "126"]
[EventDate "2019.09.15"]
[EventType "team-tourn"]
[EventCountry "CZE"]
[SourceTitle "playchess.com"]
[Source "ChessBase"]
[SourceQuality "1"]
[TimeControl "40/5400+30:1800+30"]

1. d4 Nf6 2. c4 g6 3. h4 Bg7 4. Nc3 c5 5. d5 d6 6. e4 O-O 7. Bg5 h6 8. Bf4 Re8 9. Qd2 h5 10. f3 e6 11. dxe6 Bxe6 12. Bxd6 Nc6 13. Bxc5 Qxd2+ 14. Kxd2 Rac8 15. Rd1 Ne5 16. Bxa7 Bxc4 17. Ke1 Red8 18. Bd4 Bxf1 19. Bxe5 Rxd1+ 20. Nxd1 Rc1 21. Kxf1 Rxd1+ 22. Ke2 Ra1 23. Bc3 Nd7 24. Kf2 Nc5 25. Bxg7 Kxg7 26. g3 Nd3+ 27. Ke3 Nxb2 28. g4 Nc4+ 29. Kf4 hxg4 30. Kxg4 b5 31. h5 gxh5+ 32. Kxh5 b4 33. Kg4 Rxa2 34. Nh3 b3 35. Nf4 b2 36. Nd3 Nd2 37. Nxb2 Rxb2 38. Rh2 Kf6 39. f4 Nc4 40. e5+ Ke6 41. Rh6+ Ke7 42. Rc6 Ne3+ 43. Kf3 Nf5 44. Rc7+ Ke8 45. Ra7 Rb4 46. Kg4 Nd4 47. Kh5 Kf8 48. Ra8+ Kg7 49. Ra7 Rb6 50. Kg4 Rg6+ 51. Kh4 Nf5+ 52. Kh5 Re6 53. Kg5 Ne3 54. Kh4 Kg6 55. Kg3 Rb6 56. Kf3 Nf5 57. Ra3 Nh6 58. Kg3 Kf5 59. Ra5 Rb3+ 60. Kg2 Kxf4 61. Ra6 Rb2+ 62. Kf1 Ng4 63. e6 Kf3 0-1

[Event "CZE Extraliga 2019-20"]
[Site "Czech Republic"]
[Date "2020.01.26"]
[Round "6.5"]
[White "BSS7 Szotkowski Jakub IM"]
[Black "NOV12 Babula Vlastimil GM"]
[Result "0-1"]
[ECO "E01"]
[WhiteElo "2388"]
[BlackElo "2559"]
[Annotator "ChessBase"]
[PlyCount "88"]
[EventDate "2019.09.15"]
[EventType "team-tourn"]
[EventCountry "CZE"]
[SourceTitle "playchess.com"]
[Source "ChessBase"]
[SourceQuality "1"]
[TimeControl "40/5400+30:1800+30"]

1. d4 Nf6 2. c4 e6 3. g3 d5 4. Bg2 Bb4+ 5. Bd2 Be7 6. Nf3 O-O 7. O-O Nbd7 8. Qc2 Ne4 9. Nc3 Nxd2 10. Nxd2 c6 11. e4 dxc4 12. Nxc4 Nb6 13. Qd3 Nxc4 14. Qxc4 Qb6 15. b3 Rd8 16. Rfd1 e5 17. d5 Bg4 18. Na4 Qa5 19. f3 cxd5 20. exd5 Bf5 21. g4 Rac8 22. Qe2 Bc2 23. Rd2 Bg6 24. f4 exf4 25. Rad1 Bb4 26. Rd4 Bd6 27. Qd2 Qxd2 28. R4xd2 b5 29. Nb2 Bc5+ 30. Kh1 Be3 31. Re2 h5 32. h3 hxg4 33. hxg4 f5 34. Bf3 fxg4 35. Bxg4 Be4+ 36. Kh2 Rc7 37. Nd3 g5 38. Nf2 Rh7+ 39. Nh3 Rh4 40. Rxe3 fxe3 41. Kg3 Rxg4+ 42. Kxg4 Rxd5 43. Rxd5 e2 44. Rxg5+ Kf8 0-1

[Event "CZE Extraliga 2019-20"]
[Site "Czech Republic"]
[Date "2020.01.26"]
[Round "6.6"]
[White "NOV13 Nguyen Thai Dai Van GM"]
[Black "BSS8 Mrazek Lumir FM"]
[Result "1-0"]
[ECO "A52"]
[WhiteElo "2545"]
[BlackElo "2303"]
[Annotator "ChessBase"]
[PlyCount "73"]
[EventDate "2019.09.15"]
[EventType "team-tourn"]
[EventCountry "CZE"]
[SourceTitle "playchess.com"]
[Source "ChessBase"]
[SourceQuality "1"]
[TimeControl "40/5400+30:1800+30"]

1. d4 Nf6 2. c4 e5 3. dxe5 Ng4 4. Bf4 Nc6 5. Nf3 Bb4+ 6. Nbd2 Qe7 7. a3 Ngxe5 8. Nxe5 Nxe5 9. e3 Bxd2+ 10. Qxd2 d6 11. Be2 O-O 12. O-O b6 13. Qc3 Bb7 14. c5 bxc5 15. Bxe5 dxe5 16. Rfc1 Rad8 17. Qxc5 Qxc5 18. Rxc5 Rd2 19. Rxc7 Rxb2 20. Bc4 Rb6 21. Rd1 Ba6 22. Bd5 Be2 23. Rdc1 Bg4 24. Rxa7 Be6 25. Bxe6 Rxe6 26. g3 g6 27. Kg2 Rf6 28. a4 Rb8 29. Rc2 g5 30. Re7 Rb4 31. Rxe5 h6 32. a5 Ra4 33. Rcc5 Ra1 34. Rf5 Rd6 35. Rc7 g4 36. Rfxf7 Rdd1 37. Rg7+ 1-0

[Event "CZE Extraliga 2019-20"]
[Site "Czech Republic"]
[Date "2020.01.26"]
[Round "6.6"]
[White "Pakleza, Zbigniew"]
[Black "Rydl, Jiri"]
[Result "1/2-1/2"]
[ECO "D11"]
[WhiteElo "2491"]
[BlackElo "2422"]
[Annotator "ChessBase"]
[PlyCount "88"]
[EventDate "2019.09.15"]
[EventType "team-tourn"]
[EventCountry "CZE"]
[SourceTitle "playchess.com"]
[Source "ChessBase"]
[SourceQuality "1"]
[TimeControl "40/5400+30:1800+30"]

1. d4 d5 2. c4 c6 3. Nf3 Nf6 4. e3 Bg4 5. Qb3 Qb6 6. Ne5 Be6 7. Nc3 dxc4 8. Bxc4 Bxc4 9. Qxc4 e6 10. O-O Be7 11. e4 O-O 12. Be3 Qa6 13. f3 b5 14. Qb3 Nbd7 15. Nxd7 Nxd7 16. Rfd1 Rfc8 17. Kh1 b4 18. Na4 Qb5 19. Rac1 h5 20. Qc2 a5 21. b3 Bf8 22. Qf2 e5 23. h3 Re8 24. Rc2 exd4 25. Bxd4 Rad8 26. Rcd2 Ne5 27. Nb2 Ng6 28. Nc4 a4 29. Bb2 Rxd2 30. Rxd2 axb3 31. axb3 Qg5 32. Bd4 Ra8 33. Rd1 Qb5 34. f4 f5 35. Qf3 Ra2 36. Ra1 Rxa1+ 37. Bxa1 h4 38. Qh5 Ne7 39. Kh2 fxe4 40. Qxh4 Nf5 41. Qg4 Qd5 42. Be5 Qf7 43. Qe2 Qd5 44. Qg4 Qf7 1/2-1/2

[Event "CZE Extraliga 2019-20"]
[Site "Czech Republic"]
[Date "2020.01.26"]
[Round "6.6"]
[White "Kislinsky, Alexey"]
[Black "Rubes, Jan"]
[Result "1/2-1/2"]
[ECO "C45"]
[WhiteElo "2436"]
[BlackElo "2363"]
[Annotator "NA"]
[PlyCount "39"]
[EventDate "2019.09.15"]
[EventType "team-tourn"]
[EventCountry "CZE"]
[SourceTitle "playchess.com"]
[Source "ChessBase"]
[SourceQuality "1"]
[TimeControl "40/5400+30:1800+30"]

1. e4 e5 2. Nf3 Nc6 3. d4 exd4 4. Nxd4 Nf6 5. Nxc6 bxc6 6. e5 Qe7 7. Qe2 Nd5 8. g3 g6 9. c4 Ba6 10. b3 Bg7 11. Bb2 O-O 12. Bg2 Rae8 13. O-O Bxe5 14. Qxe5 Qxe5 15. Bxe5 Rxe5 16. cxd5 Bxf1 17. Kxf1 cxd5 18. Nc3 c6 19. Rd1 a5 20. Bf3 1/2-1/2

[Event "CZE Extraliga 2019-20"]
[Site "Czech Republic"]
[Date "2020.01.26"]
[Round "6.6"]
[White "Roubalik, Jakub"]
[Black "Jirovsky, Milos"]
[Result "0-1"]
[ECO "D52"]
[WhiteElo "2405"]
[BlackElo "2452"]
[Annotator "ChessBase"]
[PlyCount "150"]
[EventDate "2019.09.15"]
[EventType "team-tourn"]
[EventCountry "CZE"]
[SourceTitle "playchess.com"]
[Source "ChessBase"]
[SourceQuality "1"]
[TimeControl "40/5400+30:1800+30"]

1. d4 d5 2. c4 c6 3. Nc3 Nf6 4. Nf3 e6 5. Bg5 Nbd7 6. e3 Qa5 7. Nd2 dxc4 8. Bxf6 Nxf6 9. Nxc4 Qc7 10. Be2 Bd7 11. O-O c5 12. Rc1 cxd4 13. exd4 Bd6 14. Nxd6+ Qxd6 15. Nb5 Bxb5 16. Bxb5+ Ke7 17. Qf3 Rab8 18. Rfd1 Rhd8 19. Bc4 Kf8 20. Bb3 Rd7 21. Ba4 Re7 22. g3 Rd8 23. Qc3 Nd5 24. Qc5 g6 25. Bb3 b6 26. Qb5 Red7 27. Rc6 Qe7 28. Qe2 Qf6 29. Bxd5 Rxd5 30. Rc7 R8d7 31. Rxd7 Rxd7 32. Qc4 Kg7 33. Qa4 Qd8 34. h4 Qc7 35. d5 exd5 36. Qd4+ f6 37. Re1 Qc5 38. Qf4 Qc7 39. Qd4 Qc4 40. Rd1 Qxd4 41. Rxd4 Kf7 42. Kf1 Ke6 43. Ke2 Ke5 44. Ke3 Rc7 45. Rd2 Rc4 46. f3 h5 47. Re2 g5 48. hxg5 fxg5 49. Kd3+ Kf6 50. Re8 h4 51. gxh4 gxh4 52. Rd8 Rc7 53. Rd6+ Ke5 54. Rh6 Rc4 55. Rh5+ Kd6 56. b3 Rb4 57. Ke3 a5 58. f4 a4 59. bxa4 Rxa4 60. Rxh4 Rxa2 61. Rh6+ Kc5 62. f5 d4+ 63. Kf4 Rf2+ 64. Ke4 Re2+ 65. Kf3 Re1 66. Re6 Rf1+ 67. Ke4 b5 68. f6 b4 69. Re5+ Kc4 70. Re7 Rxf6 71. Rc7+ Kb5 72. Rb7+ Rb6 73. Rd7 b3 74. Kd3 Kb4 75. Rxd4+ Ka3 0-1

[Event "CZE Extraliga 2019-20"]
[Site "Czech Republic"]
[Date "2020.01.26"]
[Round "6.6"]
[White "Obsivac, Josef"]
[Black "Simacek, Pavel"]
[Result "1/2-1/2"]
[ECO "A79"]
[WhiteElo "2285"]
[BlackElo "2486"]
[Annotator "ChessBase"]
[PlyCount "107"]
[EventDate "2019.09.15"]
[EventType "team-tourn"]
[EventCountry "CZE"]
[SourceTitle "playchess.com"]
[Source "ChessBase"]
[SourceQuality "1"]
[TimeControl "40/5400+30:1800+30"]

1. d4 Nf6 2. c4 c5 3. d5 e6 4. Nc3 exd5 5. cxd5 d6 6. Nf3 g6 7. Nd2 Bg7 8. e4 O-O 9. Be2 Re8 10. O-O Na6 11. f3 Nc7 12. a4 b6 13. Nc4 Ba6 14. Bg5 h6 15. Bh4 g5 16. Bf2 Qd7 17. Ne3 Bxe2 18. Nxe2 a6 19. Ng3 b5 20. Ngf5 Bf8 21. b3 bxa4 22. bxa4 Reb8 23. Qc2 Nce8 24. Nc4 Qd8 25. Be1 Nh5 26. Bc3 Nf4 27. g3 Ng6 28. Rad1 Ne7 29. Nfe3 Ng6 30. Kh1 Bg7 31. f4 gxf4 32. gxf4 Bxc3 33. Qxc3 Qf6 34. e5 Qh8 35. Qc2 dxe5 36. fxe5 Qh7 37. d6 Nf8 38. Nf5 Kh8 39. Qg2 Ra7 40. Rd3 Ng7 41. Qxg7+ Qxg7 42. Nxg7 Kxg7 43. Rg3+ Kh7 44. Ne3 Rb3 45. Rgf3 Kg8 46. Ng4 Rxf3 47. Rxf3 Kg7 48. Nf6 Ng6 49. d7 Ra8 50. Rd3 Rd8 51. Rd5 c4 52. Rc5 Kf8 53. Rxc4 Nxe5 54. Rc5 1/2-1/2

[Event "CZE Extraliga 2019-20"]
[Site "Czech Republic"]
[Date "2020.01.26"]
[Round "6.7"]
[White "TUR9 Vlasak Lukas FM"]
[Black "SLA10 Pisk Petr IM"]
[Result "1-0"]
[ECO "B30"]
[WhiteElo "2423"]
[BlackElo "2338"]
[Annotator "NA"]
[PlyCount "61"]
[EventDate "2019.09.15"]
[EventType "team-tourn"]
[EventCountry "CZE"]
[SourceTitle "playchess.com"]
[Source "ChessBase"]
[SourceQuality "1"]
[TimeControl "40/5400+30:1800+30"]

1. e4 c5 2. Nf3 Nc6 3. Bb5 e6 4. O-O Nge7 5. Re1 Nd4 6. Bf1 Nec6 7. d3 g6 8. Nbd2 Bg7 9. c3 Nxf3+ 10. Nxf3 O-O 11. Be3 d6 12. d4 cxd4 13. cxd4 Bd7 $14 14. Qd2 Re8 15. b4 Ne7 16. Bh6 Bh8 17. a4 a5 18. b5 Nc8 19. e5 dxe5 20. dxe5 Nb6 21. Bg5 Qb8 22. Rac1 Bg7 23. h4 Bf8 24. h5 Rc8 25. Qd4 Nd5 26. hxg6 hxg6 27. Bc4 b6 28. Bxd5 exd5 29. Bf6 Be6 30. Qh4 Bg7 31. Ng5 1-0

[Event "CZE Extraliga 2019-20"]
[Site "Czech Republic"]
[Date "2020.01.26"]
[Round "6.7"]
[White "Hrabusa, Matej"]
[Black "Cerveny, Martin"]
[Result "0-1"]
[ECO "B90"]
[WhiteElo "2368"]
[BlackElo "2350"]
[Annotator "NA"]
[PlyCount "116"]
[EventDate "2019.09.15"]
[EventType "team-tourn"]
[EventCountry "CZE"]
[SourceTitle "playchess.com"]
[Source "ChessBase"]
[SourceQuality "1"]
[TimeControl "40/5400+30:1800+30"]

1. e4 c5 2. Nf3 d6 3. d4 cxd4 4. Nxd4 Nf6 5. Nc3 a6 6. h3 e6 7. g4 d5 8. exd5 Nxd5 9. Nde2 Bb4 10. Bg2 O-O 11. O-O Nxc3 12. Nxc3 Bxc3 13. bxc3 Qc7 14. Qf3 Bd7 15. Qxb7 Ra7 16. Qb4 (16. Qxc7 $16 Rxc7 17. Bf4 Rxc3 18. Rfb1) 16... Bc6 17. Ba3 Rc8 $11 18. Rab1 Bxg2 19. Kxg2 Nd7 20. Qd4 h6 21. Rfd1 Nf6 22. c4 Qc6+ 23. Kg1 Rd7 24. Qf4 Rxd1+ 25. Rxd1 Qa4 26. Bb2 Qxc2 27. Rd2 Qxc4 28. Qxc4 Rxc4 29. Bxf6 gxf6 30. Rd3 Ra4 31. a3 Kg7 32. Kg2 Kg6 33. Kg3 f5 34. gxf5+ Kxf5 35. Rf3+ Kg6 36. Rc3 e5 37. f3 Kf5 38. Rb3 Kg5 39. Rc3 h5 40. h4+ Kf5 41. Rb3 f6 42. Rc3 Ra5 43. Rb3 Ra4 44. Rc3 Ke6 45. Rc6+ Kf7 46. Rc7+ Kg6 47. Rc3 a5 48. Rb3 f5 49. Rb6+ Kf7 50. Rh6 Rxa3 51. Rxh5 Kg6 52. Rg5+ Kf6 53. Kf2 Ra2+ 54. Ke3 f4+ 55. Kd3 Rf2 56. Ke4 Re2+ 57. Kd5 Re3 58. Rh5 Rd3+ {[%emt 0:00:00] Kd4} 0-1

[Event "CZE Extraliga 2019-20"]
[Site "Czech Republic"]
[Date "2020.01.26"]
[Round "6.7"]
[White "Jurcik, Martin"]
[Black "Malik, Jan"]
[Result "1-0"]
[ECO "B90"]
[WhiteElo "2360"]
[BlackElo "2291"]
[Annotator "NA"]
[PlyCount "63"]
[EventDate "2019.09.15"]
[EventType "team-tourn"]
[EventCountry "CZE"]
[SourceTitle "playchess.com"]
[Source "ChessBase"]
[SourceQuality "1"]
[TimeControl "40/5400+30:1800+30"]

1. e4 c5 2. Nf3 d6 3. d4 cxd4 4. Nxd4 Nf6 5. Nc3 a6 6. Be3 e5 7. Nb3 Be7 8. Qd2 Be6 9. f4 {B90: Sicilian Najdorf: Unusual White 6th moves, 6 Be3 Ng4 and 6 Be3 e5} (9. O-O-O Nbd7 10. f4 exf4 11. Bxf4 Ne5 12. Nd4 O-O 13. g3 Qd7 14. Nf5 Bxf5 15. exf5 Qxf5 16. Bg2 Rac8 17. Kb1 Nc4 18. Qd3 Qa5 19. Nd5 Nxd5 20. Bxd5 {1-0 (43) Morozevich,A (2676)-Nepomniachtchi,I (2767) Doha 2016}) 9... Qc7 10. O-O-O Nbd7 11. h3 b5 12. g4 exf4 13. Bxf4 Ne5 14. Kb1 O-O {[#]} 15. Qg2 $146 ({Predecessor:} 15. Nd5 Bxd5 16. exd5 Nc4 17. Qg2 Nd7 {1-0 (39) Vitiugov,N (2609)-Petkevich,J (2434) Cappelle-la-Grande 2008}) 15... Nc4 16. g5 Nd7 17. Nd5 Bxd5 18. exd5 Nc5 19. Bc1 $14 Na4 20. Nd4 Qc5 21. h4 Bd8 22. Rh3 Ba5 23. h5 Rac8 24. Nc6 Rfe8 25. g6 Bc3 26. gxf7+ Kxf7 27. Bxc4 bxc4 28. bxc3 Rc7 29. Ka1 Rb7 30. Rg3 Kg8 31. Rg1 g6 32. Rxg6+ 1-0

[Event "CZE Extraliga 2019-20"]
[Site "Czech Republic"]
[Date "2020.01.26"]
[Round "6.7"]
[White "Jasny, Stanislav"]
[Black "Kriebel, Tadeas"]
[Result "0-1"]
[ECO "E54"]
[WhiteElo "2346"]
[BlackElo "2536"]
[Annotator "ChessBase"]
[PlyCount "114"]
[EventDate "2019.09.15"]
[EventType "team-tourn"]
[EventCountry "CZE"]
[SourceTitle "playchess.com"]
[Source "ChessBase"]
[SourceQuality "1"]
[TimeControl "40/5400+30:1800+30"]

1. d4 Nf6 2. c4 e6 3. Nc3 Bb4 4. e3 O-O 5. Bd3 d5 6. Nf3 dxc4 7. Bxc4 c5 8. O-O cxd4 9. exd4 b6 10. Re1 Bb7 11. Bg5 Nc6 12. a3 Bxc3 13. bxc3 Rc8 14. Bf1 Ne7 15. c4 Nf5 16. d5 h6 17. Bxf6 Qxf6 18. Ne5 Rfd8 19. Qa4 Ra8 20. Nc6 Rd6 21. Rad1 exd5 22. cxd5 Rxd5 23. Rxd5 Bxc6 24. Rxf5 Bxa4 25. Rxf6 gxf6 26. Re7 Bb3 27. f3 a6 28. Rb7 b5 29. Rb6 Be6 30. Kf2 Kf8 31. Bd3 Ra7 32. Ke3 Ke7 33. Kd4 Rd7+ 34. Kc3 Rd6 35. Rb7+ Kf8 36. Ra7 f5 37. f4 Kg7 38. g3 Kf6 39. Be2 Rc6+ 40. Kb2 Bd5 41. Bh5 Kg7 42. Rd7 Be6 43. Ra7 Bc4 44. Ra8 Rd6 45. Kc2 Re6 46. Kd2 Rd6+ 47. Kc2 Rc6 48. Kb2 Re6 49. Ra7 Re1 50. Rxa6 Rh1 51. Kc3 Rxh2 52. Bd1 Rg2 53. Kb4 Bf1 54. Bb3 Rxg3 55. Ra7 Bc4 56. Bc2 Be6 57. Kxb5 h5 0-1

[Event "CZE Extraliga 2019-20"]
[Site "Czech Republic"]
[Date "2020.01.26"]
[Round "6.7"]
[White "Hollan, Petr"]
[Black "Balacek, Tadeas"]
[Result "1/2-1/2"]
[ECO "C11"]
[WhiteElo "2301"]
[BlackElo "2331"]
[Annotator "NA"]
[PlyCount "98"]
[EventDate "2019.09.15"]
[EventType "team-tourn"]
[EventCountry "CZE"]
[SourceTitle "playchess.com"]
[Source "ChessBase"]
[SourceQuality "1"]
[TimeControl "40/5400+30:1800+30"]

1. e4 e6 2. d4 d5 3. Nc3 Nf6 4. e5 Nfd7 5. f4 c5 6. Nf3 Nc6 7. Be3 Be7 8. Qd2 b6 {[%emt 0:06:08] C11: French: Classical System: 4 e5 and 4 Bg5 dxe4} (8... O-O 9. dxc5 Nxc5 10. O-O-O a6 11. h4 b5 12. Bd3 b4 13. Bxc5 Bxc5 14. Na4 Ba7 15. Qe2 f5 16. g4 Ne7 17. Ng5 {0-1 (45) Caruana,F (2828)-Nyzhnyk,I (2638) chess.com INT 2019}) 9. h4 cxd4 10. Nxd4 Nxd4 11. Bxd4 Bxh4+ $146 ({Predecessor:} 11... a6 12. h5 b5 13. O-O-O b4 14. Ne2 a5 15. Kb1 O-O 16. g4 {½-½ (54) Zawadzka,J (2426)-Vo,T (2378) Khanty-Mansiysk 2017}) 12. Kd1 Be7 13. g4 Nb8 14. Bd3 Nc6 15. Bf2 Bb7 16. Nb5 (16. a3 $15) 16... Qd7 17. a4 d4 18. Rh3 O-O-O 19. Qe2 Kb8 20. f5 a6 21. f6 gxf6 22. exf6 Bxf6 $19 23. Bg3+ e5 24. Rh6 Bg7 25. Rxc6 Bxc6 26. Bxe5+ Bxe5 27. Qxe5+ Kb7 28. Bf5 Rhe8 29. Bxd7 Rxe5 30. Nd6+ Kc7 31. Bxc6 Rxd6 32. Ba8 Rg6 33. Ra3 Rxg4 34. Rh3 h5 35. Bf3 f5 36. Rxh5 Rf4 37. Be2 a5 38. Rh6 Rf2 39. Bb5 f4 40. Rh7+ Kc8 41. Rh8+ Kc7 42. Rh7+ Kd6 43. Rd7+ Ke6 44. Rxd4 Rg5 45. Re4+ Kf5 46. Bd3 Kg4 47. b3 Kg3 48. Re6 Rh5 49. Kc1 f3 1/2-1/2

[Event "CZE Extraliga 2019-20"]
[Site "Czech Republic"]
[Date "2020.01.26"]
[Round "6.8"]
[White "Zilka, Stepan"]
[Black "Rabatin, Jakub"]
[Result "1/2-1/2"]
[ECO "E73"]
[WhiteElo "2533"]
[BlackElo "2303"]
[Annotator "RC"]
[PlyCount "159"]
[EventDate "2019.09.15"]
[EventType "team-tourn"]
[EventCountry "CZE"]
[SourceTitle "playchess.com"]
[Source "ChessBase"]
[SourceQuality "1"]
[TimeControl "40/5400+30:1800+30"]

1. d4 Nf6 2. c4 g6 3. Nc3 Bg7 4. e4 d6 5. Be2 O-O 6. h4 c5 7. d5 e6 8. h5 exd5 9. cxd5 Re8 10. hxg6 fxg6 11. Bg5 Nbd7 12. Qc2 a6 13. a4 Ne5 14. Nf3 Nxf3+ 15. gxf3 Bd7 16. Qc1 Qe7 17. Kf1 Qf7 18. Bf4 Qe7 19. Ra3 Nh5 20. Bg5 Qf7 21. Rb3 Rab8 22. Rb6 Be5 23. Rh4 Rf8 24. Bh6 Qe7 25. Rxh5 gxh5 26. Qg5+ Qxg5 27. Bxg5 Bh3+ 28. Ke1 Bf6 29. f4 Bxg5 30. fxg5 h4 31. Rxd6 Bg2 32. Rh6 Rf4 33. e5 h3 34. Bd3 Re8 35. e6 Rd4 36. Bxh7+ Kg7 37. Bf5 Bxd5 38. Rg6+ Kf8 39. Bxh3 Bb3 40. f3 Rh4 41. Bf5 Rf4 42. Rf6+ Ke7 43. Kf2 Rf8 44. Rxf8 Kxf8 45. Bg4 Ke7 46. Ne4 Bxe6 47. Kg3 Rf8 48. Nxc5 Bxg4 49. Kxg4 b6 50. Nxa6 Ra8 51. Nc7 Rxa4+ 52. f4 Kf7 53. Nd5 b5 54. b4 Ra1 55. f5 Rd1 56. Nc7 Rg1+ 57. Kf4 Rf1+ 58. Ke5 Re1+ 59. Kd4 Rd1+ 60. Ke4 Re1+ 61. Kd5 Rf1 62. Ke5 Re1+ 63. Kd6 Rf1 64. g6+ Kg7 65. Ke6 Re1+ 66. Kd6 Rf1 67. Ne6+ Kf6 68. Nd4 Rc1 69. Nc6 Rf1 70. Ne7 Re1 71. Nd5+ Kg7 72. Nf4 Kf6 73. Nd5+ Kg7 74. Kc6 Re5 75. Nc7 Rxf5 76. Nxb5 Kxg6 77. Nd6 Rf1 78. b5 Rb1 79. b6 Rxb6+ 80. Kxb6 1/2-1/2